 Dungeon Crawl Stone Soup version 0.30-a0-528-g8c47a4955b (webtiles) character file.

Game seed: 12980643459748171123

1845 oldriver the Covert (level 9, -6/81 HPs)
             Began as a Naga Artificer on Dec 24, 2022.
             Mangled by a wyvern (14 damage)
             ... on level 7 of the Dungeon.
             The game lasted 00:15:11 (7011 turns).

oldriver the Covert (Naga Artificer)                Turns: 7011, Time: 00:15:12

Health: -6/81      AC:  8    Str: 14    XL:     9   Next: 12%
Magic:  9/9        EV: 10    Int: 12    God:
Gold:   265        SH:  0    Dex: 16    Spells: 8/8 levels left

rFire   . . .      SeeInvis +    h - +2 dagger (speed)
rCold   . . .      Faith    .    (no shield)
rNeg    . . .      Spirit   .    a - +0 troll leather armour {Pargi}
rPois   +          Reflect  .    (no helmet)
rElec   .          Harm     .    u - +2 cloak {rCorr}
rCorr   +          Rampage  .    (no gloves)
Will    +....                    (no barding)
Stlth   ++++                     (no amulet)
HPRegen 1.13/turn                (no ring)
MPRegen 0.11/turn                (no ring)

@: brilliant, short of breath, very slow
A: AC +3, large, see invisible, deformed body, poison resistance, slowness 2,
spit poison 1, naga tail 1
a: Spit Poison


You were on level 7 of the Dungeon.
You visited 2 branches of the dungeon, and saw 9 of its levels.
You also visited: Sewer.

You collected 559 gold pieces.
You spent 294 gold pieces at shops.

Inventory:

Hand Weapons
 h - a +2 dagger of speed (weapon)
 n - a +1 short sword of freezing
Missiles
 k - a throwing net
Armour
 a - a +0 troll leather armour (worn) {Pargi}
 u - a +2 cloak of preservation (worn)
Jewellery
 m - an amulet of faith
 r - an amulet of magic regeneration
Wands
 c - a wand of flame (3)
 d - a wand of charming (15)
 v - a wand of roots (9)
Scrolls
 g - 4 scrolls of teleportation
 i - a scroll of amnesia
 o - 3 scrolls of fear
Potions
 b - a potion of ambrosia {unknown}
 e - a potion of cancellation
 j - a potion of magic
 l - 2 potions of haste
 p - 2 potions of heal wounds {unknown}
 q - a potion of mutation
 s - a potion of flight
 t - a potion of resistance
 w - a potion of brilliance
 x - a potion of lignification {unknown}


   Skills:
 + Level 5.5 Fighting
 * Level 7.6 Short Blades
 - Level 2.2 Armour
 - Level 2.0 Dodging
 + Level 8.9 Stealth
 - Level 3.0 Evocations


You had 8 spell levels left.
You didn't know any spells.
Your spell library contained the following spells:

 Spells                   Type           Power      Damage    Failure   Level
 Apportation              Tloc           0%         N/A       38%         1
 Kiss of Death            Conj/Necr      0%         2d5       38%         1
 Necrotise                Necr           0%         1d4       38%         1
 Summon Small Mammal      Summ           0%         N/A       38%         1
 Blink                    Tloc           0%         N/A       52%         2
 Confusing Touch          Hex            0%         N/A       77%         3
 Dispel Undead            Necr           0%         3d6       99%         4
 Manifold Assault         Tloc           0%         N/A       99%         4
 Storm Form               Tmut/Air       0%         N/A       100%        7


Dungeon Overview and Level Annotations

Branches:
Dungeon (8/15)             Temple (1/1) D:4           Sewer (visited)
   Lair: D:8-11

Altars:
Ashenzari
Cheibriados
Dithmenos
Elyvilon
Fedhas
Gozag
Hepliaklqana
Kikubaaqudgha
Makhleb
Nemelex Xobeh
Qazlal
Sif Muna
Trog
Uskayaw
Vehumet
Xom
The Shining One

Shops:
D:1 *?*   D:2 *


Innate Abilities, Weirdness & Mutations

Your serpentine skin is tough. (AC +3)
You have supernaturally acute eyesight. (SInv)
Armour fits poorly on your strangely shaped body.
Your system is resistant to poisons. (rPois)
You cover ground very slowly.
You can spit poison.
You have a snake-like lower body.


Message History

You hit the wyvern.
The wyvern is severely wounded.
You hit the wyvern but do no damage.
The wyvern is severely wounded.
The wyvern bites you.
You closely miss the wyvern.
The wyvern is severely wounded.
The wyvern bites you.
* * * LOW HITPOINT WARNING * * *
You hit the wyvern but do no damage.
The wyvern is severely wounded.
You hit the wyvern.
The wyvern is almost dead.
The wyvern bites you!
* * * LOW HITPOINT WARNING * * *
You feel better. The wyvern bites you.
* * * LOW HITPOINT WARNING * * *
You feel better.
You have got your breath back.
The wyvern bites you but does no damage.
The wyvern closely misses you.
You closely miss the wyvern.
The wyvern is almost dead.
You hit the wyvern.
The wyvern is almost dead.
The wyvern looks more healthy.
The wyvern bites you but does no damage.
Aiming: Spit Poison (1% risk of failure)
Press: ? - help, Shift-Dir - straight line, f/p - wyvern
Aim: a wyvern (almost dead, 64% to hit)
The splash of poison misses the wyvern.
The wyvern bites you but does no damage.
You hit the wyvern.
The wyvern is almost dead.
The wyvern bites you!
* * * LOW HITPOINT WARNING * * *
It was a potion of brilliance.
You feel clever all of a sudden. The wyvern closely misses you.
The wyvern bites you!
You die...

############...
#...##.#...#...
##..............
#........####...
###......# ##...
######...####...#
##..##............
##....#.........#..
##.@............##..
#...l##........###..
#....###........##..
#.....#.............
##.##.#.............
#####.#.........###.
##.................#.
#......##............
#.......#...##.......


You could see a wyvern.

Vanquished Creatures
  2 black bears
  Pargi (Sewer)
  An ice beast (D:7)
  2 sky beasts
  An ogre (D:2)
  A phantom (D:6)
  3 bullfrogs
  A scorpion (D:5)
  5 jellies
  A wight (D:7)
  2 howler monkeys (D:7)
  3 orc priests (D:6)
  A hound (D:4)
  A gnoll bouda (D:4)
  3 iguanas
  5 orc wizards
  4 gnolls (D:4)
  8 adders
  A river rat (D:5)
  A white imp (D:5)
  A worm (D:2)
  18 orcs
  2 bat zombies (D:4)
  6 endoplasms
  2 giant cockroaches
  7 goblins
  4 hobgoblins
  3 jackals (D:5)
  10 kobolds
  4 quokkas
  7 ball pythons
  8 bats
  4 frilled lizards
  4 rats
  2 rat zombies (D:4)
129 creatures vanquished.

Notes
Turn   | Place    | Note
-------+----------+-------------------------------------------
     0 | D:1      | oldriver the Naga Artificer began the quest for the Orb.
     0 | D:1      | Reached XP level 1. HP: 18/18 MP: 1/1
    63 | D:1      | Found Oturowax's General Store.
    75 | D:1      | Reached skill level 2 in Stealth
   204 | D:1      | Reached XP level 2. HP: 25/25 MP: 2/2
   337 | D:1      | Found Fipneus's Magic Scroll Emporium.
   451 | D:1      | Found Epherra's Assorted Antiques.
   554 | D:2      | Reached skill level 1 in Short Blades
   703 | D:2      | Reached skill level 3 in Stealth
   703 | D:2      | Reached XP level 3. HP: 26/32 MP: 3/3
  1007 | D:2      | Noticed an ogre
  1012 | D:2      | Killed an ogre
  1013 | D:2      | Reached skill level 4 in Stealth
  1013 | D:2      | Reached XP level 4. HP: 40/40 MP: 4/4
  1013 | D:2      | Reached XP level 5. HP: 46/46 MP: 5/5
  1035 | D:2      | Found Ygetri Noet's General Store.
  1234 | D:2      | Found a faded altar of an unknown god.
  2045 | D:3      | Reached skill level 5 in Stealth
  2045 | D:3      | Reached XP level 6. HP: 56/56 MP: 6/6
  2177 | D:3      | Found a shadowy altar of Dithmenos.
  2184 | D:3      | Found a hazy altar of Hepliaklqana.
  2203 | D:3      | Noticed a shadow
  2718 | D:4      | Found a staircase to the Ecumenical Temple.
  2814 | Temple   | Entered the Ecumenical Temple
  3830 | D:4      | Found an ancient bone altar of Kikubaaqudgha.
  3883 | D:5      | Entered Level 5 of the Dungeon
  4038 | D:5      | Reached XP level 7. HP: 51/62 MP: 7/7
  4134 | D:5      | Reached skill level 6 in Stealth
  4512 | D:5      | Reached skill level 5 in Short Blades
  4600 | D:2      | Bought a +2 cloak of preservation for 258 gold pieces
  4600 | D:2      | Bought a scroll of teleportation for 36 gold pieces
  4870 | D:6      | Found a glowing drain.
  4898 | Sewer    | Entered a sewer
  4941 | Sewer    | Noticed Pargi
  4945 | Sewer    | Killed Pargi
  5233 | D:6      | Reached skill level 7 in Stealth
  5267 | D:6      | Reached XP level 8. HP: 63/73 MP: 8/8
  5329 | D:6      | Reached skill level 1 in Dodging
  6241 | D:7      | Reached skill level 8 in Stealth
  6254 | D:7      | Reached skill level 5 in Fighting
  6551 | D:7      | Reached XP level 9. HP: 70/81 MP: 9/9
  7011 | D:7      | Mangled by a wyvern

Illustrated notes

Levels and vault maps discovered:
D:1:      mrwooster_arrival_statue, layout_rooms, serial_shops, shop, shop,
          nicolae_shop_advertising_works [nicolae_subvault_shop_adworks]
D:2:      layout_loops_ring, dreamdust_ecumenical_altar_hidden_monk_grotto,
          serial_shops, nicolae_shop_behind_doors, st_stairs_6,
          kennysheep_generic_room_6
D:3:      layout_basic, riverfiend_overflow_shadow_ancestor
D:4:      layout_cave_pods, lemuel_zombie_altar_kikubaaqudgha,
          minmay_temple_entry_sparse_star
D:5:      layout_basic
D:6:      layout_loops_ring, cheibrodos_sewer_entry_sluice, dk_rats_in_the_wall
D:7:      layout_cave_pools
D:8:      layout_basic
Temple:   eino_temple_water

Skill      XL: |  1  2  3  4  5  6  7  8 |
---------------+-------------------------+-----
Stealth        | 2 3 4 5 7 8 |  8.9
Short Blades   | 1 2 3 4 6 7 |  7.6
Fighting       | 2 3 4 5 |  5.5
Dodging        | 2 |  2.0
Armour         | 2 |  2.2
Evocations     | |  3.0

Action                   |  1- 3 |  4- 6 |  7- 9 || total
-------------------------+-------+-------+-------++-------
Melee: Club              |    18 |       |       ||    18
       Dagger            |    43 |   171 |   394 ||   608
       Punch             |     1 |     2 |     5 ||     8
 Abil: Spit Poison       |    22 |    39 |    44 ||   105
Evoke: Wand              |     3 |    10 |     5 ||    18
  Use: Scroll            |       |     6 |     8 ||    14
       Potion            |       |       |     3 ||     3
 Stab: Sleeping          |     1 |       |       ||     1
Armor: Leather armour    |    18 |    37 |    18 ||    73
       Troll leather arm |       |       |    86 ||    86
Dodge: Dodged            |    29 |    54 |   101 ||   184

Table legend: (Time is in decaauts)
 A = Elapsed time spent in this place.
 B = Non-inter-level travel time spent in this place.
 C = Inter-level travel time spent in this place.
 D = Time resting spent in this place.
 E = Time spent auto-exploring this place.
 F = Levels seen in this place.
 G = Mean time per level.
                   A        B        C        D        E       F      G
               +--------+--------+--------+--------+--------+-----+--------+
         Total |   8595 |   8085 |    510 |    721 |   5635 |  10 |  859.5 |
       Dungeon |   8114 |   7632 |    482 |    721 |   5277 |   8 | 1014.2 |
        Temple |    356 |    329 |     27 |      0 |    312 |   1 |  356.0 |
         Sewer |    125 |    125 |      0 |      0 |     45 |   1 |  125.0 |
               +--------+--------+--------+--------+--------+-----+--------+

Top non-repeatable levels by time:
     D:2: 1322 daAuts
     D:4: 1317 daAuts
     D:3: 1264 daAuts
     D:5: 1255 daAuts
     D:7: 1101 daAuts
     D:6: 1070 daAuts
     D:1: 752 daAuts
  Temple: 356 daAuts
   Sewer: 125 daAuts
     D:8: 30 daAuts
